 Dungeon Crawl Stone Soup version 0.31.0-12-g77e489cdc1 (webtiles) character file.

Game seed: 16173937211663952918

640 ChrisAssaf the Caller (level 7, -2/49 HPs)
             Began as a Human Summoner on Feb 14, 2024.
             Slain by Edmund
             ... wielding a +2 heavy flail
              (13 damage)
             ... on level 4 of the Dungeon.
             The game lasted 00:10:16 (1467 turns).

ChrisAssaf the Caller (Human Summoner)              Turns: 1467, Time: 00:10:16

Health: -2/49      AC:  4    Str:  8    XL:     7   Next: 51%
Magic:  10/12      EV: 13    Int: 17    God:
Gold:   85         SH:  0    Dex: 14    Spells: 2/12 levels left

rFire   . . .        k - +0 rapier (elec)
rCold   . . .        (no shield)
rNeg    . . .        a - +0 robe
rPois   .            (no helmet)
rElec   .            (no cloak)
rCorr   .            (no gloves)
SInv    .            (no boots)
Will    .....        (no amulet)
Stlth   ++           (no ring)
HPRegen 0.28/turn    (no ring)
MPRegen 0.13/turn

%: no passive effects
@: inugami summoned
A: explore regen, iridescent scales 1
a: no special abilities


You were on level 4 of the Dungeon.
You visited 1 branch of the dungeon, and saw 4 of its levels.

You collected 85 gold pieces.

Inventory:

Hand Weapons
 e - a +0 dagger
 f - a +0 sling
 k - a +0 rapier of electrocution (weapon)
Missiles
 i - 4 curare-tipped darts
Armour
 a - a +0 robe (worn)
Scrolls
 h - a scroll of poison
Potions
 c - a potion of lignification
 d - a potion of brilliance


   Skills:
 * Level 1.7 Fighting
 * Level 1.8 Short Blades
 * Level 3.0 Ranged Weapons
 * Level 1.5 Throwing
 * Level 2.0 Armour
 * Level 3.1 Dodging
 * Level 3.2 Stealth
 + Level 0.1 Unarmed Combat
 * Level 3.3 Spellcasting
 * Level 5.2 Summonings


You had 2 spell levels left.
You knew the following spells:

 Your Spells              Type           Power      Damage    Failure   Level
a - Summon Small Mammal   Summ           80%        N/A       1%          1
b - Call Imp              Summ           40%        N/A       3%          2
c - Call Canine Familiar  Summ           20%        N/A       6%          3
d - Summon Lightning Spi  Summ/Air       11%        N/A       50%         4

Your spell library contained the following spells:

 Spells                   Type           Power      Damage    Failure   Level
 Magic Dart               Conj           8%         1d3       17%         1
 Blink                    Tloc           4%         N/A       26%         2
 Summon Blazeheart Golem  Fire/Summ      11%        N/A       50%         4


Dungeon Overview and Level Annotations

Branches:
Dungeon (4/15)
 Temple: D:4-7

Altars:

Annotations:
D:4 Edmund


Innate Abilities, Weirdness & Mutations

You regain HP and MP as you explore.
You are partially covered in iridescent scales. (AC +2)


Message History

A tiny devil pulls itself out of the air.
Edmund shouts!
Casting: Call Imp (safe; 3% risk of failure)
Confirm with . or Enter, or press ? or * to list all spells.
You call for your canine familiar and it appears with a howl!
Your cerulean imp hits Edmund but does no damage.
You swap places.
Your cerulean imp hits Edmund with a -2 spear.
Edmund barely misses you.
Your cerulean imp hits Edmund with a -2 spear.
You hit Edmund but do no damage. Lightning courses through Edmund!!
You punch Edmund, but do no damage.
Edmund is heavily wounded.
Your inugami barely misses Edmund.
Your cerulean imp closely misses Edmund.
You hit Edmund.
Edmund is heavily wounded.
Edmund hits you with a +2 heavy flail!
Your inugami hits Edmund.
Your cerulean imp closely misses Edmund.
You hit Edmund.
Edmund is severely wounded.
Your inugami hits Edmund but does no damage.
Your cerulean imp closely misses Edmund.
Edmund hits you with a +2 heavy flail!!
You barely miss Edmund.
Edmund is severely wounded.
Your inugami hits Edmund.
Your cerulean imp hits Edmund with a -2 spear.
You hit Edmund but do no damage.
Edmund is almost dead.
Edmund says, "People think my brother is the best.
I think he's crazy."
Edmund hits you with a +2 heavy flail!
* * * LOW HITPOINT WARNING * * *
Your inugami hits Edmund.
Your cerulean imp closely misses Edmund.
You hit Edmund but do no damage.
Edmund is almost dead.
Edmund hits you with a +2 heavy flail!
You die...
Edmund says, "That'll show my brother!"

##### ### ###########...
..## #...#.#.#.#.##
#...## ###.#.........$#
#.....#
#.....#.##'##.###.......
........#...#).).5h.....
#.#.###.'...'.##.@......
#....#..#...#...@....>..
#.....#.##'##.##........
#....#...........#.....#
#...<.#.#.#.#.##......##
#.....###.. ......##..#
#.###.# # ####..# ..#
#.# .# #..# .# #.# .#
#..# # ... .#


You could see Edmund (ally target), a friendly cerulean imp (summoned) and a
friendly inugami (summoned).

Vanquished Creatures
  Pikel (D:4)
  A lemure (D:4)
  An iguana (D:4)
  A dart slug (D:3)
  4 orcs
  An endoplasm (D:3)
  A goblin (D:4)
  2 hobgoblins (D:4)
  4 jackals
  3 bats (D:3)
  A frilled lizard (D:3)
  A rat (D:1)
21 creatures vanquished.

Vanquished Creatures (collateral kills)
  A scorpion (D:4)
  An orc priest (D:4)
  A ribbon worm (D:3)
  2 dart slugs
  6 orcs
  2 ball pythons
  An endoplasm (D:2)
  2 giant cockroaches
  4 goblins
  6 hobgoblins
  2 jackals
  A quokka (D:2)
  2 frilled lizards
  3 kobolds
  2 rats
36 creatures vanquished.

Grand Total: 57 creatures vanquished

Notes
Turn   | Place    | Note
-------+----------+-------------------------------------------
     0 | D:1      | ChrisAssaf the Human Summoner began the quest for the Orb.
     0 | D:1      | Reached XP level 1. HP: 13/13 MP: 3/3
     6 | D:1      | Noticed a swamp drake
     6 | D:1      | Noticed a lindwurm
     6 | D:1      | Noticed a black bear
     7 | D:1      | Noticed a mana viper
     7 | D:1      | Noticed a crocodile
   222 | D:1      | Reached XP level 2. HP: 19/19 MP: 1/5
   249 | D:1      | Learned a level 2 spell: Call Imp
   289 | D:1      | You fall into a shaft and drop 1 floor!
   503 | D:2      | Reached XP level 3. HP: 24/24 MP: 3/6
   507 | D:2      | Learned a level 3 spell: Call Canine Familiar
   711 | D:3      | Reached skill level 1 in Armour
  1103 | D:3      | Reached XP level 4. HP: 31/31 MP: 7/7
  1225 | D:4      | Noticed Pikel
  1225 | D:4      | Noticed a lemure
  1226 | D:4      | Noticed a lemure
  1228 | D:4      | Noticed a lemure
  1234 | D:4      | Noticed a scorpion
  1249 | D:4      | Killed a scorpion
  1250 | D:4      | Reached skill level 1 in Ranged Weapons
  1250 | D:4      | Reached XP level 5. HP: 23/36 MP: 3/8
  1261 | D:4      | Killed a lemure
  1276 | D:4      | Reached skill level 1 in Fighting
  1286 | D:4      | Gained mutation: You are partially covered in iridescent
                  | scales. (AC +2) [potion of mutation]
  1286 | D:4      | Gained mutation: You are clumsy. (Dex -2) [potion of
                  | mutation]
  1286 | D:4      | Lost mutation: You are clumsy. (Dex -2) [potion of
                  | mutation]
  1292 | D:4      | Killed Pikel
  1293 | D:4      | Reached skill level 1 in Short Blades
  1293 | D:4      | Reached skill level 1 in Throwing
  1293 | D:4      | Reached skill level 5 in Summonings
  1293 | D:4      | Reached XP level 6. HP: 18/44 MP: 8/10
  1293 | D:4      | Reached XP level 7. HP: 19/49 MP: 8/11
  1379 | D:4      | Learned a level 4 spell: Summon Lightning Spire
  1455 | D:4      | Noticed Edmund
  1467 | D:4      | Slain by Edmund

Illustrated notes

Levels and vault maps discovered:
D:1:      onia_arrival_zoo_common, layout_loops_cross, serial_forest,
          infiniplex_forest_clump_small, infiniplex_forest_clump_long,
          infiniplex_forest_clump_diagonal, infiniplex_forest_straight_3,
          infiniplex_forest_join
D:2:      layout_basic, serial_shops, shop, nicolae_shop_tiny_glass,
          nicolae_shop_overgrown_old_shop, nicolae_shop_trees,
          shapermc_ecumenical_altar_hornbeckon, uniq_jessica, uniq_robin,
          uniq_terence
D:3:      layout_basic, marbit_many_paths, kennysheep_decorative_pillar,
          chequers_serial_rivers_marsh
D:4:      minmay_spotlight, layout_loops_ring,
          mainiacjoe_overflow_cross_hatched,
          mainiacjoe_overflow_surrounded_room, portal_sewer_entry_e,
          st_stairs_12, minmay_misc_feat_doors, uniq_edmund, uniq_pikel

Skill      XL: |  1  2  3  4  5  6  7 |
---------------+----------------------+-----
Armour         | 1 2 |  2.0
Ranged Weapons | 1 2 3 |  3.0
Fighting       | 1 |  1.7
Short Blades   | 1 |  1.8
Throwing       | 1 |  1.5
Dodging        | 3 |  3.1
Stealth        | 3 |  3.2
Spellcasting   | 3 |  3.3
Summonings     | 5 |  5.2
Unarmed Combat | |  0.1

Action                     |  1- 3 |  4- 6 |  7- 9 || total
---------------------------+-------+-------+-------++-------
  Melee: Unarmed           |    26 |       |       ||    26
         Rapier            |       |    17 |    22 ||    39
         Punch             |       |       |     1 ||     1
   Fire: Sling             |    17 |     7 |       ||    24
   Cast: Summon Small Mamm |    19 |       |       ||    19
         Call Imp          |     9 |     1 |     1 ||    11
         Call Canine Famil |     3 |     3 |     2 ||     8
    Use: Scroll            |     4 |     2 |     1 ||     7
         Potion            |     2 |     4 |       ||     6
 Armour: Robe              |    47 |    11 |    13 ||    71
         Skin              |    34 |    13 |       ||    47
  Dodge: Dodged            |    66 |    12 |    11 ||    89
